 Dungeon Crawl Stone Soup version 0.31.0-11-ge490571c62 (webtiles) character file.

Game seed: 5747166392949290353

11925 Sobieck the Grappler (level 11, -11/139 HPs)
             Began as a Demonspawn Berserker on Jan 31, 2024.
             Was a High Priest of Trog.
             Killed from afar by Lodul (18 damage)
             ... with a bolt of lightning
             ... on level 11 of the Dungeon.
             The game lasted 00:20:12 (9860 turns).

Sobieck the Grappler (Demonspawn Berserker)         Turns: 9860, Time: 00:20:13

Health: -11/139    AC: 14    Str: 29    XL:     11   Next: 55%
Magic:  11/11      EV: 11    Int:  8    God:    Trog [*****.]
Gold:   359        SH:  0    Dex: 13    Spells: 10/10 levels left

rFire   . .          .
                       - Unarmed
rCold   . . .        (no shield)
rNeg    . . .        R - +1 swamp dragon scales
rPois   +            (helmet restricted)
rElec   .            g - +2 cloak {Will+}
rCorr   .            M - +0 pair of gloves
SInv    .            (no boots)
Will    +....        c - amulet of Plog {Fly Regen+ Str+2} Stlth
                     q - +6 ring of strength
HPRegen 1.23/turn    y - +4 ring of slaying
MPRegen 0.12/turn

%: no passive effects
@: berserking, flying, very quick
A: antennae 2, rugged brown scales 2, foul stench 1, demonic magic 1
a: Renounce Religion, Berserk, Trog's Hand, Brothers in Arms


You were on level 11 of the Dungeon.
You worshipped Trog.
Trog was extremely pleased with you.
You visited 1 branch of the dungeon, and saw 11 of its levels.
You also visited: Sewer.

You collected 421 gold pieces.
You spent 62 gold pieces at shops.

Inventory:

Hand Weapons
 C - a +1 broad axe {god gift}
 I - the +1 orcbow of the Grinning Big Fish {heavy, rF- rC+++ Str+3}
   (You found it in a sewer)

   Str+3:     It affects your strength (+3).
   rF-:       It makes you vulnerable to fire.
   rC+++:     It renders you almost immune to cold.
Missiles
 j - 50 stones (quivered)
 k - 28 poisoned darts
 t - 7 boomerangs
 v - 6 javelins
 F - 4 curare-tipped darts
Armour
 a - a +0 animal skin
 g - a +2 cloak of willpower (worn)
 m - a +1 ring mail
 G - an orb of guile
 M - a +0 pair of gloves (worn)
 O - a +0 cloak
 R - +1 swamp dragon scales (worn)
Jewellery
 c - the amulet of Plog (around neck) {Fly Regen+ Str+2}
   (You acquired it on level 4 of the Dungeon)

   [amulet of regeneration]

   Str+2:     It affects your strength (+2).
   Fly:       It grants you flight.
   Regen+:    It increases your rate of health regeneration.
 q - a +6 ring of strength (left hand)
 y - a +4 ring of slaying (right hand)
Talismans
 E - a maw talisman
Wands
 i - a wand of mindburst (30)
 D - a wand of polymorph (6)
 N - a wand of roots (8)
 V - a wand of flame (14)
Scrolls
 b - 2 scrolls of blinking
 h - 2 scrolls of revelation
 p - 2 scrolls of amnesia
 s - 4 scrolls of enchant armour
 w - 2 scrolls of enchant weapon
 B - 2 scrolls of vulnerability
 H - a scroll of poison
 J - a scroll of fear
 L - a scroll of silence {!r}
 P - a scroll of brand weapon
 T - 5 scrolls of teleportation
Potions
 d - 3 potions of enlightenment
 e - a potion of invisibility
 f - 2 potions of mutation
 l - 4 potions of resistance
 n - 4 potions of heal wounds
 o - 2 potions of cancellation
 r - a potion of berserk rage {unknown}
 u - 6 potions of might
 x - 3 potions of lignification {unknown}
 z - 2 potions of attraction {unknown}
 A - 2 potions of magic
 K - 2 potions of brilliance {unknown}
 Q - 6 potions of curing


   Skills:
 + Level 9.6 Fighting
 - Level 1.7 Armour
 - Level 1.7 Dodging
 + Level 13.7 Unarmed Combat
 - Level 4.0 Evocations
 + Level 4.1 Shapeshifting


You had 10 spell levels left.
You didn't know any spells.
Your spell library was empty.

Dungeon Overview and Level Annotations

Branches:
Dungeon (11/15)            Temple (0/1) D:6            Lair (0/5) D:8
    Orc (0/2) D:9           Sewer (visited)

Altars:
Cheibriados
Dithmenos
Fedhas
Hepliaklqana
Makhleb
Nemelex Xobeh
Okawaru
Uskayaw
Wu Jian

Shops:
D:4 *

Annotations:
D:4 1 runed translucent door, hikkokomori's ghost, novice FoFi
D:11 Lodul


Innate Abilities, Weirdness & Mutations

You have a pair of antennae on your head.
You are mostly covered in rugged brown scales. (AC +2, +5% HP)
You may rarely emit foul miasma when damaged in melee.
Spells you cast may paralyse adjacent enemies.


Message History

Trog accepts your kill. The ogre misses you. The orc hits you with a +0 dagger.
* * * LOW HITPOINT WARNING * * *
The orc hits you but does no damage.
Items here: ))) [ †.
Unknown command.
You barely miss the orc. You completely miss the orc.
The orc hits you but does no damage. The orc closely misses you.
Unknown command.
You barely miss the ogre. The ogre misses you.
You punch the ogre!
The ogre is moderately wounded.
The orc closely misses you.
Unknown command.
You pummel the ogre!!
You kill the ogre!
Trog accepts your kill.
Unknown command.
You punch the ogre! x2
You kill the ogre!
Trog accepts your kill. The orc hits you but does no damage.
Electricity crackles from Lodul's apparatus.
The bolt of lightning hits you!!
* * * LOW HITPOINT WARNING * * *
Unknown command.
You punch the orc!
You feel the power of Trog in you as your rage grows.
You kill the orc!
Trog accepts your kill. The ogre attacks as it pursues you!
The ogre hits you with a +0 giant club!
* * * LOW HITPOINT WARNING * * *
Unknown command.
You pummel the ogre!!
You feel the power of Trog in you as your rage grows.
You kill the ogre!
Trog accepts your kill.
Electricity crackles from Lodul's apparatus.
The bolt of lightning hits you!!
* * * LOW HITPOINT WARNING * * *
You are too berserk!
Unknown command.
You barely miss the ogre. Your punch misses the ogre. You pummel the ogre!!
You kill the ogre!
Trog accepts your kill.
Electricity crackles from Lodul's apparatus.
The bolt of lightning hits you!!
You die...

###### #######
#....+ .......
#....# .....
+....# ...#
#....##..>###.
#...@)oO.....
#...##Ou.....
####'# o..<##.
+....##{.O.#
##....#......
##....#.......
#.....#.......
#....########.
#....##....#


You could see Lodul, a brown ugly thing, 2 ogres and an orc.

Vanquished Creatures
  A two-headed ogre (D:9)
  Pikel (D:7)
  A cyclops (D:11)
  Maurice (D:7)
  Maggie (D:10)
  Jeremiah (D:7)
  An unseen horror (D:10)
  Psyche (D:10)
  Prince Ribbit (D:7)
  Sigmund (D:6)
  A shadow (D:11)
  3 wraiths
  2 wyverns (D:9)
  18 yaks
  2 steam dragons
  2 acid dragons (D:10)
  Duvessa (D:7)
  Edmund (D:5)
  3 water moccasins
  3 orc warriors
  2 ice beasts
  2 black bears
  6 ogres (D:11)
  5 centaurs
  A phantom (D:4)
  5 kobold brigands
  4 lemures (D:6)
  Blork the orc (D:3)
  2 scorpions
  4 bullfrogs
  7 wights (D:9)
  Dowan (D:7)
  12 killer bees
  2 howler monkeys
  A hound (D:7)
  6 orc priests
  4 jellies
  A sleepcap (D:4)
  Natasha (thrice) (D:2)
  2 iguanas
  9 orc wizards
  6 adders
  2 river rats (D:6)
  A white imp (D:5)
  2 ufetubi (D:7)
  2 ribbon worms
  4 dart slugs
  37 orcs
  7 ball pythons
  9 endoplasms
  8 giant cockroaches
  7 goblins
  6 hobgoblins
  19 kobolds
  3 quokkas
  8 bats
  5 frilled lizards
  5 rats
257 creatures vanquished.

Notes
Turn   | Place    | Note
-------+----------+-------------------------------------------
     0 | D:1      | Sobieck the Demonspawn Berserker began the quest for the
                  | Orb.
     0 | D:1      | Reached XP level 1. HP: 18/18 MP: 1/1
    88 | D:1      | Reached skill level 3 in Unarmed Combat
    96 | D:1      | Gained mutation: You are partially covered in rugged brown
                  | scales. (AC +1, +3% HP) [demonic ancestry]
    96 | D:1      | Reached XP level 2. HP: 17/24 MP: 2/2
   600 | D:1      | Gained mutation: Spells you cast may paralyse adjacent
                  | enemies. [demonic ancestry]
   600 | D:1      | Reached XP level 3. HP: 9/29 MP: 3/3
   784 | D:2      | Found a faded altar of an unknown god.
  1066 | D:2      | Noticed Natasha
  1075 | D:2      | Killed Natasha
  1076 | D:2      | Reached skill level 4 in Unarmed Combat
  1076 | D:2      | Gained mutation: You have a pair of small antennae on your
                  | head. [demonic ancestry]
  1076 | D:2      | Reached XP level 4. HP: 38/38 MP: 4/4
  1118 | D:2      | Reached ** piety under Trog
  1166 | D:2      | Noticed Natasha
  1182 | D:2      | Killed Natasha
  1258 | D:2      | Noticed Natasha
  1268 | D:2      | Killed Natasha
  1650 | D:2      | Reached XP level 5. HP: 41/43 MP: 5/5
  1843 | D:3      | Noticed a centaur
  1866 | D:3      | Reached skill level 5 in Unarmed Combat
  1873 | D:3      | Killed a centaur
  1874 | D:3      | Reached XP level 6. HP: 39/50 MP: 6/6
  2250 | D:4      | Noticed Blork the orc
  2269 | D:3      | Killed Blork the orc
  2460 | D:4      | Reached skill level 6 in Unarmed Combat
  2897 | D:4      | Identified a scroll of acquirement
  2897 | D:4      | Acquired the amulet of Plog {Fly Regen+ Str+2}
  3068 | D:4      | Found Royberri's Assorted Antiques.
  3083 | D:4      | Bought 2 scrolls labelled YSEUHU GAXTAAL for 62 gold pieces
  3219 | D:4      | Found a runed translucent door.
  3331 | D:4      | Noticed hikkokomori's ghost (novice FoFi)
  3340 | D:5      | Entered Level 5 of the Dungeon
  3491 | D:5      | Reached *** piety under Trog
  3585 | D:5      | Noticed an ice beast
  3600 | D:5      | Killed an ice beast
  3601 | D:5      | Gained mutation: You may rarely emit foul miasma when
                  | damaged in melee. [demonic ancestry]
  3601 | D:5      | Reached XP level 7. HP: 38/57 MP: 7/7
  3745 | D:5      | Reached skill level 7 in Unarmed Combat
  3985 | D:5      | Reached skill level 6 in Fighting
  4034 | D:5      | Gained mutation: You have a pair of antennae on your head.
                  | [demonic ancestry]
  4034 | D:5      | Reached XP level 8. HP: 35/65 MP: 8/8
  4132 | D:5      | Noticed Edmund
  4142 | D:5      | Killed Edmund
  4640 | D:6      | Reached skill level 8 in Unarmed Combat
  4670 | D:6      | Found a staircase to the Ecumenical Temple.
  4854 | D:6      | Found a glowing drain.
  4858 | Sewer    | Entered a sewer
  5082 | Sewer    | Identified the +1 orcbow of the Grinning Big Fish {heavy,
                  | rF- rC+++ Str+3}
  5202 | Sewer    | Reached **** piety under Trog
  5203 | Sewer    | Reached skill level 9 in Unarmed Combat
  5448 | D:6      | Noticed Sigmund
  5457 | D:6      | Killed Sigmund
  5458 | D:6      | Reached XP level 9. HP: 74/74 MP: 9/9
  5507 | D:6      | Found an ornate altar of the Wu Jian Council.
  5721 | D:7      | Noticed Pikel
  5750 | D:7      | Killed Pikel
  5751 | D:7      | Reached skill level 10 in Unarmed Combat
  5900 | D:7      | Noticed Prince Ribbit
  5906 | D:7      | Killed Prince Ribbit
  5927 | D:7      | Noticed Duvessa
  5929 | D:7      | Noticed Dowan
  5934 | D:7      | Killed Duvessa
  5951 | D:7      | Killed Dowan
  6085 | D:7      | Noticed Maurice
  6127 | D:7      | Maurice stole a maw talisman
  6128 | D:7      | Maurice stole the +1 orcbow of the Grinning Big Fish
                  | {heavy, rF- rC+++ Str+3}
  6135 | D:7      | Maurice stole 41 stones
  6137 | D:7      | Maurice stole 162 gold
  6166 | D:7      | Killed Maurice
  6167 | D:7      | Reached skill level 11 in Unarmed Combat
  6352 | D:7      | Found a snail-covered altar of Cheibriados.
  6352 | D:7      | Found a sparkling altar of Nemelex Xobeh.
  6353 | D:7      | Found a burning altar of Makhleb.
  6404 | D:7      | Noticed Jeremiah
  6427 | D:7      | Killed Jeremiah
  6428 | D:7      | Gained mutation: You are mostly covered in rugged brown
                  | scales. (AC +2, +5% HP) [demonic ancestry]
  6428 | D:7      | Reached XP level 10. HP: 84/84 MP: 10/10
  6598 | D:7      | Reached skill level 12 in Unarmed Combat
  6669 | D:8      | Found a hazy altar of Hepliaklqana.
  6795 | D:8      | Found a shadowy altar of Dithmenos.
  7064 | D:8      | Found a staircase to the Lair.
  7074 | D:8      | Found an iron altar of Okawaru.
  7295 | D:8      | Found a blossoming altar of Fedhas.
  7311 | D:8      | Found a hide-covered altar of Uskayaw.
  7594 | D:9      | Reached skill level 13 in Unarmed Combat
  7731 | D:9      | Reached skill level 1 in Evocations
  7817 | D:9      | Reached skill level 1 in Shapeshifting
  7839 | D:9      | Noticed a two-headed ogre
  7845 | D:9      | Killed a two-headed ogre
  7897 | D:9      | Reached ***** piety under Trog
  8043 | D:9      | Found a staircase to the Orcish Mines.
  8082 | D:9      | Reached skill level 3 in Evocations
  8082 | D:9      | Reached XP level 11. HP: 51/91 MP: 11/11
  8407 | D:10     | Entered Level 10 of the Dungeon
  8455 | D:10     | Received a gift from Trog
  8456 | D:10     | Reached skill level 3 in Shapeshifting
  8460 | D:10     | Reached skill level 9 in Fighting
  8663 | D:10     | Noticed Maggie
  8676 | D:10     | Killed Maggie
  9349 | D:10     | Noticed Psyche
  9355 | D:10     | Killed Psyche
  9843 | D:11     | Noticed Lodul
  9847 | D:11     | Noticed a brown ugly thing
  9858 | D:11     | HP: 6/139 [Lodul/bolt of lightning (28)]
  9860 | D:11     | Killed from afar by Lodul

Illustrated notes

Levels and vault maps discovered:
D:1:      nicolae_arrival_washed_ashore, layout_rooms, minmay_misc_feat_x
D:2:      layout_basic, shapermc_ecumenical_altar_notcrosses, minmay_tromino_v7,
          uniq_natasha
D:3:      layout_basic
D:4:      layout_rooms, serial_shops, nicolae_shop_stone,
          ebering_ghost_reflecting_pool, nicolae_underground_beach,
          uniq_blork_the_orc
D:5:      layout_basic, serial_aquarium, aquarium_bridge_straight
          [aquarium_subvault_bridge, aquarium_subvault_window,
          aquarium_subvault_bridge, aquarium_subvault_wall],
          aquarium_bridge_square [aquarium_subvault_wall,
          aquarium_subvault_bridge, aquarium_subvault_bridge,
          aquarium_subvault_wall], aquarium_window_corridor_1,
          aquarium_window_corner, aquarium_window_corner, aquarium_view_2c,
          aquarium_pool_2, uniq_edmund
D:6:      layout_rooms, mainiacjoe_overflow_catwalk, minmay_temple_entry_wispy,
          gup_sewer_entry_spiral, minmay_fountain_box, hex_tiny, uniq_sigmund
D:7:      layout_loops_ring, gammafunk_temple_overflow_forgotten, uniq_pikel,
          uniq_prince_ribbit1, uniq_duvessa, uniq_maurice, uniq_jeremiah
D:8:      layout_loops_ring, kennysheep_mini,
          mainiacjoe_overflow_large_starburst, mainiacjoe_overflow_alcove_2,
          mainiacjoe_overflow_cross_hatched, lair_entry_dummy, serial_aquarium,
          aquarium_bridge_square [aquarium_subvault_window,
          aquarium_subvault_balcony, aquarium_subvault_bridge,
          aquarium_subvault_bridge], aquarium_bridge_square
          [aquarium_subvault_window, aquarium_subvault_balcony,
          aquarium_subvault_bridge, aquarium_subvault_wall],
          aquarium_window_fake, aquarium_window_1, aquarium_window_fake,
          aquarium_view_2e, serial_library_hellmonk_junction
D:9:      layout_loops_ring, minmay_orc_entry_temple_small
D:10:     layout_layer_cave, uniq_psyche, uniq_maggie
D:11:     layout_gridville, gauntlet_entry_generic, gammafunk_ghost_split,
          uniq_urug, uniq_grum, uniq_lodul, uniq_gastronok

Skill      XL: |  1  2  3  4  5  6  7  8  9 10 11 |
---------------+----------------------------------+-----
Unarmed Combat | 3 4 5 6 7 9 11 13 | 13.7
Fighting       | 4 5 6 7 8 9 |  9.6
Evocations     | 3 4 |  4.0
Shapeshifting  | 2 4 |  4.1
Armour         | |  1.7
Dodging        | |  1.7

Action                     |  1- 3 |  4- 6 |  7- 9 | 10-12 || total
---------------------------+-------+-------+-------+-------++-------
  Melee: Unarmed           |   102 |   194 |   323 |   292 ||   911
         Punch             |       |    14 |    12 |    24 ||    50
  Throw: Stone             |       |     3 |       |     6 ||     9
 Invoke: Berserk           |     2 |     3 |     6 |     2 ||    13
         Trog's Hand       |       |       |     1 |       ||     1
  Evoke: Wand              |       |       |     1 |       ||     1
    Use: Scroll            |       |    11 |     7 |     5 ||    23
   Stab: Sleeping          |     1 |     1 |       |       ||     2
 Armour: Animal skin       |    53 |    28 |       |       ||    81
         Ring mail         |       |    74 |   202 |   161 ||   437
         Skin              |       |       |     4 |     1 ||     5
         Swamp dragon scal |       |       |       |    45 ||    45
  Dodge: Dodged            |    71 |    94 |   136 |   143 ||   444
         Form:             |       |       |       |     1 ||     1
         Maw               |       |       |       |     1 ||     1
